 Dungeon Crawl Stone Soup version 0.26-a0-651-gb41185065b (webtiles) character file.

Game seed: 9521954057029595266

127 tof the Chopper (level 4, -4/41 HPs)
             Began as a Minotaur Monk on Oct 6, 2020.
             Was a Plaything of Xom.
             Slain by Ijyb the scorpion (8 damage)
             ... on level 3 of the Dungeon.
             The game lasted 00:02:28 (2022 turns).

tof the Chopper (Minotaur Monk)                     Turns: 2022, Time: 00:02:29

Health: -4/41      AC:  3    Str: 17    XL:     4   Next: 85%
Magic:  3/3        EV: 13    Int:  7    God:    Xom [*.....]
Gold:   149        SH:  0    Dex: 12    Spells: 3/3 levels left

rFire    . . .     SeeInvis .   a - +0 hand axe
rCold    . . .     Faith    .   (no shield)
rNeg     . . .     Spirit   .   b - +0 robe
rPois    .         Reflect  .   (helmet restricted)
rElec    .         Harm     .   (no cloak)
rCorr    .         Rampage  .   (no gloves)
MR       .....                  n - +0 pair of boots (curse)
Stlth    ++........             (no amulet)
HPRegen  0.13/turn              (no ring)
MPRegen  0.08/turn              (no ring)

@: mighty, lethally poisoned (-4 -> -8), very slightly contaminated, slowed,
very slow
A: retaliatory headbutt, horns 2
a: Renounce Religion


You were on level 3 of the Dungeon.
You worshipped Xom.
You were a special plaything of Xom.
You visited 1 branch of the dungeon, and saw 3 of its levels.

You collected 149 gold pieces.

Inventory:

Hand Weapons
 a - a +0 hand axe (weapon)
Armour
 b - a +0 robe (worn)
 n - a cursed +0 pair of boots (worn)
Scrolls
 c - 2 scrolls of teleportation {unknown}
 d - 3 scrolls of identify {unknown}
 g - a scroll of remove curse {unknown}
 i - a scroll of amnesia {unknown}
 l - a scroll of immolation {unknown}
 o - a scroll of enchant armour {unknown}
Potions
 f - a potion of heal wounds {unknown}
 h - 2 potions of degeneration {unknown}
 j - a potion of brilliance {unknown}
 k - a potion of curing {unknown}
 m - a potion of flight {unknown}
 p - a potion of lignification {unknown}


   Skills:
 + Level 4.9 Fighting
 + Level 4.9 Axes
 + Level 3.0 Armour
 - Level 3.2 Dodging
 - Level 1.5 Stealth


You had 3 spell levels left.
You didn't know any spells.
Your spell library was empty.

Dungeon Overview and Level Annotations

Branches:
Dungeon (3/15)

Altars:
Kikubaaqudgha
Xom
Zin

Annotations:
D:3 Ijyb


Innate Abilities, Weirdness & Mutations

You reflexively headbutt those who attack you in melee.
You have a pair of horns on your head.


Message History

You bump into the rock wall.
Ijyb misses you.
You barely miss Ijyb.
You feel less confused. Ijyb stings you. x2
You closely miss Ijyb. Ijyb stings you.
* * * LOW HITPOINT WARNING * * *
You are poisoned.
Ijyb poisons you!
You barely miss Ijyb. You headbutt Ijyb!
Ijyb is moderately wounded.
You feel sick. Ijyb stings you.
* * * LOW HITPOINT WARNING * * *
Ijyb barely misses you.
It was a potion of might.
You feel very mighty all of a sudden.
Xom thinks this is hilarious!
* * * LOW HITPOINT WARNING * * *
You feel sick. Ijyb closely misses you. Ijyb stings you!
You die...
Xom thinks this is hilarious!

##.# . #..# .######.## ........#
#.#####.# #.#####.## #.##..[#.#
#.##.##[###########
.#######.##(...s@...<....#
...............###.......#
..###.#......#####.####..#
..###...####.##.......#..#######
.......## #.##.##.##...........
#####.## #.##.##.......#### #?#
#.......####.## ##.##
####..#......# #o..# ##.########


You could see Ijyb the scorpion.

Vanquished Creatures
  An orc wizard (D:3)
  5 adders (D:2)
  2 oozes (D:3)
  A worm (D:2)
  A dart slug (D:1)
  2 leopard geckos (D:2)
  An orc (D:3)
  7 bats
  A giant cockroach (D:1)
  3 goblins
  5 hobgoblins
  4 kobolds
  A ball python (D:2)
  4 frilled lizards
  5 rats
43 creatures vanquished.

Vanquished Creatures (others)
  A giant cockroach (D:3)
1 creature vanquished.

Grand Total: 44 creatures vanquished

Notes
Turn   | Place    | Note
-------+----------+-------------------------------------------
     0 | D:1      | tof the Minotaur Monk began the quest for the Orb.
     0 | D:1      | Reached XP level 1. HP: 19/19 MP: 0/0
   351 | D:1      | Reached skill level 1 in Armour
   446 | D:1      | Reached XP level 2. HP: 26/27 MP: 1/1
  1045 | D:2      | Reached XP level 3. HP: 31/33 MP: 2/2
  1606 | D:2      | Reached XP level 4. HP: 41/41 MP: 3/3
  1831 | D:2      | Found a shimmering altar of Xom.
  1832 | D:2      | Found a glowing silver altar of Zin.
  1833 | D:2      | Found an ancient bone altar of Kikubaaqudgha.
  1853 | D:2      | Became a worshipper of Xom the Random
  1962 | D:3      | Noticed Ijyb
  1980 | D:3      | XOM: potion effect (invisibility)
  2010 | D:3      | Noticed Ijyb
  2010 | D:3      | Ijyb changed into Ijyb the scorpion
  2010 | D:3      | XOM: polymorph Ijyb -> Ijyb the scorpion
  2013 | D:3      | XOM: confusion
  2022 | D:3      | Slain by Ijyb the scorpion

Illustrated notes

Levels and vault maps discovered:
D:1:      erik_arrival_blinker_ship, layout_basic
D:2:      layout_basic, chequers_temple_overflow_statue_of_worship,
          interstate_on_off
D:3:      layout_loops_cross, brannock_xom_greatest_gift,
          uniq_crazy_yiuf_cottage, uniq_terence, uniq_ijyb

Skill      XL: |  1  2  3  4 |
---------------+-------------+-----
Armour         | 1 2 3 |  3.0
Fighting       | 4 |  4.9
Axes           | 4 |  4.9
Dodging        | |  3.2
Stealth        | |  1.5

Action                   |  1- 3 |  4- 6 || total
-------------------------+-------+-------++-------
Melee: Hand axe          |    76 |    35 ||   111
       Headbutt          |     8 |     3 ||    11
  Use: Potion            |       |     1 ||     1
 Stab: Sleeping          |     3 |     1 ||     4
       Invisible         |       |     1 ||     1
Armor: Robe              |    10 |     6 ||    16
Dodge: Dodged            |    58 |    29 ||    87

Table legend: (Time is in decaauts)
 A = Elapsed time spent in this place.
 B = Non-inter-level travel time spent in this place.
 C = Inter-level travel time spent in this place.
 D = Time resting spent in this place.
 E = Time spent auto-exploring this place.
 F = Levels seen in this place.
 G = Mean time per level.
                   A        B        C        D        E       F      G
               +--------+--------+--------+--------+--------+-----+--------+
         Total |   2034 |   1948 |     86 |    317 |   1310 |   3 |  678.0 |
       Dungeon |   2034 |   1948 |     86 |    317 |   1310 |   3 |  678.0 |
               +--------+--------+--------+--------+--------+-----+--------+

Top non-repeatable levels by time:
     D:1: 1035 daAuts
     D:2: 858 daAuts
     D:3: 140 daAuts
